 Dungeon Crawl Stone Soup version 0.24.0-37-gcf1ca852f1 (webtiles) character file.

Game seed: 15247104272314769576, levelgen mode: deterministic

2675319 Gruesph the Acrobat (level 27, 219/219 HPs)
             Began as a Gnoll Summoner on Nov 20, 2019.
             Was a High Priest of Cheibriados.
             Escaped with the Orb
             ... and 5 runes on Nov 21, 2019!
             The game lasted 08:35:23 (91265 turns).

Gruesph the Acrobat (Gnoll Summoner)               Turns: 91265, Time: 08:35:23

Health: 219/219    AC: 31    Str: 35    XL:     27
Magic:  46/46      EV: 34    Int: 39    God:    Cheibriados [*****.]
Gold:   4340       SH: 30    Dex: 33    Spells: 15/64 levels left

rFire    + + .     SeeInvis +   a - +9 demon trident (flame)
rCold    + + +     Gourm    .   G - +5 shield
rNeg     + . .     Faith    .   d - +5 chain mail {MR+}
rPois    +         Spirit   .   F - -2 hat of the Alchemist {rElec rPois rF+ rC+ rN+ MR+ rMut rCorr}
rElec    +         Reflect  +   T - scarf {rC+ rF+}
rCorr    +         Harm     .   v - +2 pair of gloves
rMut     +                      t - +0 pair of boots of Filth {rElec Dex+3 SInv}
MR       +++++                  m - +6 amulet of reflection
Stlth    ++........             W - ring of Marod {MR+ EV+2 Int+3}
HPRegen  0.46/turn              x - ring of Robustness {AC+8}
MPRegen  0.30/turn

@: studying Dodging, deflect missiles, very slow
A: distributed training, fangs 1, hooves 1, clever 1, cold resistance 1, subdued
magic 2, strong nose
0: Orb of Zot
}: 5/15 runes: decaying, slimy, silver, abyssal, gossamer
a: Bend Time, Temporal Distortion, Slouch, Step From Time, Renounce Religion


You escaped.
You worshipped Cheibriados.
Cheibriados was extremely pleased with you.
You were not hungry.

You visited 11 branches of the dungeon, and saw 55 of its levels.
You visited the Abyss 1 time.
You visited 2 bazaars.
You also visited: Ice Cave and Wizlab.

You collected 6971 gold pieces.
You spent 2631 gold pieces at shops.

Inventory:

Hand Weapons
 a - a +9 demon trident of flaming (weapon)
Missiles
 Y - 8 silver javelins (quivered)
Armour
 d - a +5 chain mail of magic resistance (worn)
 t - the +0 pair of boots of Filth (worn) {rElec Dex+3 SInv}
   (You acquired it on level 5 of the Depths)

   It affects your dexterity (+3).
   It insulates you from electricity.
   It lets you see invisible.
 v - a +2 pair of gloves (worn)
 F - the -2 hat of the Alchemist (worn) {rElec rPois rF+ rC+ rN+ MR+ rMut rCorr}
   (You found it on level 9 of the Dungeon)

   It protects you from fire.
   It protects you from cold.
   It insulates you from electricity.
   It protects you from poison.
   It protects you from negative energy.
   It affects your resistance to hostile enchantments.
   It provides partial protection from all sources of acid and corrosion.
   It protects you from mutation.
 G - a +5 shield (worn)
 T - a scarf of resistance (worn)
Jewellery
 m - a +6 amulet of reflection (around neck)
 x - the ring of Robustness (right hand) {AC+8}
   (You took it off an ironbrand convoker on level 5 of the Vaults)

   [ring of protection]

   It affects your AC (+8).
 W - the ring of Marod (left hand) {MR+ EV+2 Int+3}
   (You found it on level 2 of the Depths)

   [ring of evasion]

   It affects your evasion (+2).
   It affects your intelligence (+3).
   It affects your resistance to hostile enchantments.
Wands
 e - a wand of scattershot (7)
 p - a wand of digging (16)
 q - a wand of clouds (1)
 u - a wand of iceblast (80)
 B - a wand of enslavement (30)
 C - a wand of flame (217)
 H - a wand of disintegration (6)
 I - a wand of polymorph (47)
 Q - a wand of paralysis (58)
 S - a wand of acid (36)
Scrolls
 b - a scroll of enchant armour
 i - 15 scrolls of identify
 j - 18 scrolls of teleportation
 k - a scroll of silence
 r - 31 scrolls of remove curse
 E - 2 scrolls of immolation
 J - 9 scrolls of blinking
 K - 8 scrolls of enchant weapon
 L - 9 scrolls of fear
 O - 3 scrolls of fog
 P - 7 scrolls of amnesia
 V - 3 scrolls of holy word
 Z - 3 scrolls of magic mapping
Potions
 c - 4 potions of curing
 g - 10 potions of agility
 h - a potion of heal wounds
 o - 6 potions of cancellation
 s - 6 potions of resistance
 w - 6 potions of mutation
 z - 3 potions of might
 A - 4 potions of ambrosia
 D - a potion of flight
 N - 10 potions of brilliance
 X - 2 potions of invisibility
Books
 n - a manual of Dodging
Miscellaneous
 y - a phial of floods
 M - 5 phantom mirrors
Comestibles
 f - 56 rations


   Skills:
 + Level 18.5 Fighting
 + Level 18.5 Short Blades
 + Level 18.5 Long Blades
 + Level 18.5 Axes
 + Level 18.5 Maces & Flails
 + Level 18.5 Polearms
 + Level 18.5 Staves
 + Level 18.5 Slings
 + Level 18.5 Bows
 + Level 18.5 Crossbows
 + Level 18.5 Throwing
 + Level 18.5 Armour
 + Level 21.2 Dodging
 + Level 18.8 Stealth
 + Level 18.5 Shields
 + Level 18.5 Unarmed Combat
 + Level 19.0 Spellcasting
 + Level 15.9 Conjurations
 + Level 15.9 Hexes
 + Level 15.9 Charms
 + Level 17.1 Summonings
 + Level 15.9 Necromancy
 + Level 15.9 Translocations
 + Level 15.9 Transmutations
 + Level 15.9 Fire Magic
 + Level 15.9 Ice Magic
 + Level 15.9 Air Magic
 + Level 15.9 Earth Magic
 + Level 15.9 Poison Magic
 + Level 19.9 Invocations
 + Level 18.5 Evocations


You had 15 spell levels left.
You knew the following spells:

 Your Spells              Type           Power        Failure   Level  Hunger
a - Spectral Weapon       Hex/Chrm       #######.     0%          3    None
b - Summon Lightning Spi  Summ/Air       #######.     0%          4    None
c - Shadow Creatures      Summ           N/A          1%          6    None
d - Mephitic Cloud        Conj/Pois/Air  #######.     0%          3    None
e - Summon Ice Beast      Ice/Summ       #######.     0%          4    None
f - Call Imp              Summ           #######.     0%          2    None
g - Summon Small Mammal   Summ           ####         0%          1    None
h - Summon Butterflies    Summ           #######.     0%          1    None
j - Aura of Abjuration    Summ           #######...   0%          5    None
m - Deflect Missiles      Chrm/Air       #######...   1%          6    None
n - Summon Mana Viper     Hex/Summ       #######.     0%          5    None
r - Regeneration          Chrm/Necr      #######...   0%          3    None
x - Animate Dead          Necr           N/A          0%          4    None
z - Blink                 Tloc           N/A          0%          2    None

Your spell library contained the following spells:

 Spells                   Type           Power        Failure   Level  Hunger
 Animate Skeleton         Necr           N/A          0%          1    None
 Apportation              Tloc           ######       0%          1    None
 Beastly Appendage        Tmut           ######       0%          1    None
 Confusing Touch          Hex            ######       0%          1    None
 Corona                   Hex            #######      0%          1    None
 Flame Tongue             Conj/Fire      #####        0%          1    None
 Freeze                   Ice            ####         0%          1    None
 Infusion                 Chrm           ####         0%          1    None
 Magic Dart               Conj           ####         0%          1    None
 Pain                     Necr           ####         0%          1    None
 Sandblast                Erth           ######       0%          1    None
 Shock                    Conj/Air       ####         0%          1    None
 Corpse Rot               Necr           N/A          0%          2    None
 Poisonous Vapours        Pois/Air       ######       0%          2    None
 Searing Ray              Conj           ######       0%          2    None
 Shroud of Golubria       Chrm/Tloc      ######       0%          2    None
 Slow                     Hex            #######.     0%          2    None
 Song of Slaying          Chrm           #######.     0%          2    None
 Sticks to Snakes         Tmut           #######.     0%          2    None
 Sublimation of Blood     Necr           #######...   0%          2    None
 Swiftness                Chrm/Air       #######.     0%          2    None
 Throw Flame              Conj/Fire      ######       0%          2    None
 Throw Frost              Conj/Ice       ######       0%          2    None
 Call Canine Familiar     Summ           #######.     0%          3    None
 Confuse                  Hex            #######.     0%          3    None
 Conjure Flame            Conj/Fire      #######.     0%          3    None
 Dazzling Spray           Conj/Hex       ######       0%          3    None
 Gell's Gravitas          Tloc           #######...   0%          3    None
 Ignite Poison            Fire/Tmut/Pois #######.     0%          3    None
 Inner Flame              Hex/Fire       #######.     0%          3    None
 Ozocubu's Armour         Chrm/Ice       #######.     0%          3    None
 Portal Projectile        Hex/Tloc       ######       0%          3    None
 Recall                   Summ/Tloc      N/A          0%          3    None
 Spider Form              Tmut/Pois      #######...   0%          3    None
 Static Discharge         Conj/Air       #######.     0%          3    None
 Summon Guardian Golem    Hex/Summ       #######.     0%          3    None
 Vampiric Draining        Necr           #######...   0%          3    None
 Airstrike                Air            #######...   0%          4    None
 Cause Fear               Hex            #######...   0%          4    None
 Force Lance              Conj/Tloc      #######.     0%          4    None
 Fulminant Prism          Conj/Hex       #######...   0%          4    None
 Ice Form                 Ice/Tmut       #######.     0%          4    None
 Iskenderun's Mystic Bla  Conj           #######.     0%          4    None
 Leda's Liquefaction      Hex/Erth       #######...   0%          4    None
 Olgreb's Toxic Radiance  Pois           #######.     0%          4    None
 Petrify                  Tmut/Erth      #######.     0%          4    None
 Throw Icicle             Conj/Ice       #######.     0%          4    None
 Agony                    Necr           #######.     0%          5    None
 Alistair's Intoxication  Tmut/Pois      #######.     0%          5    None
 Bolt of Draining         Conj/Necr      #######...   0%          5    None
 Bolt of Magma            Conj/Fire/Erth #######...   0%          5    None
 Dispel Undead            Necr           #######.     0%          5    None
 Excruciating Wounds      Chrm/Necr      #######...   0%          5    None
 Fireball                 Conj/Fire      #######...   0%          5    None
 Irradiate                Conj/Tmut      #######...   0%          5    None
 Lightning Bolt           Conj/Air       #######...   0%          5    None
 Metabolic Englaciation   Hex/Ice        #######...   0%          5    None
 Silence                  Hex/Air        #######...   0%          5    None
 Summon Demon             Summ           #######...   0%          5    None
 Summon Forest            Summ/Tloc      #######...   0%          5    None
 Venom Bolt               Conj/Pois      #######...   0%          5    None
 Yara's Violent Unravell  Hex/Tmut       #######...   0%          5    None
 Bolt of Cold             Conj/Ice       #######...   1%          6    None
 Bolt of Fire             Conj/Fire      #######...   1%          6    None
 Conjure Ball Lightning   Conj/Air       #######...   1%          6    None
 Freezing Cloud           Conj/Ice/Air   #######...   1%          6    None
 Hydra Form               Tmut           #######...   1%          6    None
 Ozocubu's Refrigeration  Ice            #######...   1%          6    None
 Poison Arrow             Conj/Pois      #######...   1%          6    None
 Simulacrum               Ice/Necr       #######...   1%          6    None
 Statue Form              Tmut/Erth      #######..    1%          6    None
 Dragon Form              Tmut           #######...   1%          7    None
 Malign Gateway           Summ/Tloc      #######...   1%          7    None
 Monstrous Menagerie      Summ           #######...   1%          7    None
 Ring of Flames           Chrm/Fire      #######...   1%          7    None
 Spellforged Servitor     Conj/Summ      #######...   1%          7    None
 Summon Greater Demon     Summ           #######...   1%          7    None
 Summon Hydra             Summ           #######...   1%          7    None
 Summon Horrible Things   Summ           #######...   7%          8    ###....
 Chain Lightning          Conj/Air       #######...   12%         8    ###....
 Controlled Blink         Tloc           N/A          12%         8    ###....
 Discord                  Hex            #######...   12%         8    ###....
 Ignition                 Fire           #######...   12%         8    ###....
 Lehudib's Crystal Spear  Conj/Erth      #######...   12%         8    ###....
 Dragon's Call            Summ           #######...   80%         9    #####..
 Fire Storm               Conj/Fire      #######...   92%         9    #####..
 Glaciate                 Conj/Ice       #######...   92%         9    #####..
 Shatter                  Erth           #######...   92%         9    #####..
 Tornado                  Air            #######...   92%         9    #####..
 Passage of Golubria      Tloc           Unusable     N/A         4    N/A

Dungeon Overview and Level Annotations

Branches:
Dungeon (15/15)            Temple (1/1) D:6            Lair (6/6) D:8
  Swamp (4/4) Lair:4       Spider (4/4) Lair:4        Slime (5/5) Lair:6
    Orc (2/2) D:9             Elf (3/3) Orc:2        Vaults (5/5) D:14
  Crypt (0/3) Vaults:3     Depths (5/5) D:15            Zot (5/5) Depths:5
  IceCv (visited)          WizLab (visited)

Altars:
Ashenzari
Cheibriados
Dithmenos
Elyvilon
Fedhas
Gozag
Hepliaklqana
Kikubaaqudgha
Makhleb
Nemelex Xobeh
Okawaru
Qazlal
Ru
Sif Muna
Trog
Uskayaw
Vehumet
Wu Jian
Xom
Yredelemnul
Zin
The Shining One
Beogh
Jiyva

Shops:
D:10 *=(   D:11 (*?*   Orc:2 *[*   Elf:2 =   Elf:3 [([(:   Vaults:1 *
Depths:1 =}}   Depths:3 ?

Portals:
Hell: Lair:6 Depths:1 Depths:2 Depths:3 Depths:4 Depths:5
Abyss: Depths:4
Pandemonium: Depths:3
Ziggurat: Depths:2

Annotations:
Depths:2 1 runed translucent door, exclusion: orange crystal statue, Xewkuy's ghost, journeyman MiBe
Zot:1 2 runed translucent doors, Muataran's ghost, veteran MiMo


Innate Abilities, Weirdness & Mutations

Your experience applies equally to all skills.
You have very sharp teeth.
Your uncanny sense of smell can sniff out nearby items.
You have large cloven feet.
Your mind is acute. (Int +2)
Your flesh is cold resistant. (rC+)
Your spells are easier to cast, but less powerful.


Message History

The efreet gestures at you. You deflect the bolt of fire!
The efreet gestures at you. The bolt of fire misses you.
The efreet gestures at you. You deflect the bolt of fire!
There is a stone staircase leading up here.
The efreet gestures at you. You deflect the bolt of fire!
You climb upwards.
There is a stone staircase leading down here.
A rust devil comes into view.
You impale the rust devil!!
The rust devil is heavily wounded.
You block the rust devil's attack.
You impale the rust devil!!
You kill the rust devil!
Cheibriados appreciates the change of pace.
There is a staircase leading out of the dungeon here.
You have escaped!

#)## #.........# #........
#..###.........######........
##†.........#...............>
#..#.#....#.#....#.#.....#.(
#.....#..##.##..#........#..
##....#..#...#..#........#..
#.#..#..#...#..#..#....##..
#..###.........###...####..
##......#.@.#......#.......
###....#...#..........#...
#.....###.........#.#...
##......#.......#........
#..............##....#...
#...##.....##..##........
#..###.....###.##....#...
#..##.#...#.##.##....##..
#...###...###).##..####..


There were no monsters in sight!

Vanquished Creatures
  the Royal Jelly (Slime:5)
  A pandemonium lord (Depths:3)
  5 orbs of fire
  Mara (Elf:3)
  4 ancient liches (Zot:5)
  2 juggernauts
  A shard shrike (Zot:5)
  6 Killer Klowns (Zot:5)
  Bai Suzhen (Elf:3)
  Margery (Depths:4)
  2 curse toes
  6 golden dragons
  The ghost of Buikafa the Warrior, an adept DgCj (Depths:2)
  Jory (Depths:4)
  The ghost of qpqp the Warrior, an adept OgFi of Ashenzari (Vaults:1)
  2 bone dragons (Abyss:3)
  Arachne (Spider:4)
  4 electric golems
  2 liches
  17 tentacled monstrosities
  A Hell Sentinel (Abyss:3)
  25 Orb Guardians
  6 titans
  A deep elf blademaster (Elf:3)
  A deep elf master archer (Elf:3)
  12 death cobs
  24 acid blobs
  2 sphinxes
  An Executioner (D:4)
  13 tentacled starspawn
  2 quicksilver dragons
  4 thorn hunters (Swamp:4)
  2 tengu reavers
  A sphinx (shapeshifter) (Vaults:2)
  9 shadow dragons
  13 storm dragons
  9 draconian monks
  12 azure jellies
  2 nagarajas (Abyss:4)
  5 draconian knights
  9 fire giants
  8 deep elf sorcerers
  11 frost giants
  5 draconian scorchers
  3 iron dragons
  8 ghost moths
  16 vault wardens
  2 draconian shifters
  5 emperor scorpions
  6 draconian stormcallers
  A deep elf elementalist (Elf:3)
  11 stone giants
  14 ironheart preservers
  A spriggan defender (Depths:3)
  A war gargoyle (Vaults:4)
  A stone giant (shapeshifter) (Vaults:5)
  8 draconian annihilators
  11 very ugly things
  8 green draconians
  7 vampire knights
  7 deep elf demonologists
  A lorocyproca (Depths:5)
  6 entropy weavers
  9 black draconians
  10 red draconians
  9 white draconians
  3 yellow draconians
  A spark wasp (Spider:4)
  6 deep elf annihilators
  A pale draconian (Depths:5)
  10 purple draconians
  2 blizzard demons
  6 deep elf death magi
  11 death oozes
  A crystal guardian (Vaults:4)
  14 ettins
  7 fire dragons
  12 yaktaur captains
  20 ogre magi
  8 deep elf high priests
  7 jiangshi
  12 great orbs of eyes
  A merfolk impaler (Depths:3)
  6 rakshasas
  3 ice dragons
  A quicksilver dragon skeleton (Depths:4)
  37 vault guards
  16 hydras
  2 ghost crabs (Swamp:2)
  2 peacekeepers (Elf:1)
  A shambling mangrove (Swamp:3)
  2 catoblepae
  An anaconda (shapeshifter) (Depths:1)
  8 centaur warriors
  2 death knights
  42 two-headed ogres
  5 vampire magi
  24 dancing weapons
  11 death yaks
  9 thrashing horrors
  2 deep troll shamans
  5 tengu warriors
  A hell hog (Abyss:3)
  8 alligators
  4 deep troll earth magi
  Urug (Lair:6)
  3 spriggan berserkers
  Nergalle (D:12)
  A storm dragon zombie (Depths:4)
  A shadow wraith (Vaults:4)
  7 wretched stars
  12 spriggans
  2 sun demons
  A fire crab (shapeshifter) (Vaults:4)
  2 spatial maelstroms (Abyss:3)
  A sixfirhy (Lair:6)
  8 hell knights
  20 deep elf knights
  3 spriggan druids
  8 deep trolls
  A salamander mystic (Depths:4)
  An iron troll (Depths:5)
  2 unseen horrors
  2 spark wasp zombies
  3 shadow demons
  2 death drakes
  3 flayed ghosts
  5 wizards
  57 starcursed masses
  13 deep elf archers
  A tengu zombie (Depths:3)
  5 glowing orange brains
  A shadow dragon zombie (Depths:4)
  6 orc knights
  A swamp dragon (shapeshifter) (Abyss:3)
  7 swamp dragons
  Pikel (D:8)
  A wolf spider zombie (D:15)
  14 ironbrand convokers
  A harpy (shapeshifter) (Vaults:3)
  8 phantasmal warriors
  6 necromancers
  58 deep elf magi
  4 harpies (Vaults:1)
  3 shining eyes
  6 orb spiders
  2 orc sorcerers (Vaults:4)
  4 salamanders
  4 cyclopes
  A faun (shapeshifter) (Vaults:5)
  32 ugly things
  A human zombie (Vaults:1)
  4 fire giant zombies (Depths:4)
  26 wolf spiders
  A mana viper (Vaults:4)
  3 frost giant zombies (Depths:4)
  31 moths of wrath
  3 manticores
  3 worldbinders
  Maurice (D:10)
  2 ice statues
  4 elephants (Lair:5)
  2 apocalypse crabs
  5 black mambas
  An orc zombie (Vaults:1)
  A guardian serpent (shapeshifter) (Abyss:1)
  2 guardian serpents
  13 vault sentinels
  2 gargoyles
  8 smoke demons
  A naga mage (Abyss:3)
  A rust devil (D:1)
  11 spiny frogs
  2 torpor snails
  A centaur zombie (D:14)
  4 eyes of devastation
  A torpor snail (shapeshifter) (Elf:3)
  6 rime drakes
  A shock serpent skeleton (Abyss:3)
  6 orange demons
  2 kobold demonologists (D:14)
  An efreet (D:12)
  11 komodo dragons
  An anaconda simulacrum (Vaults:4)
  5 freezing wraiths
  56 yaktaurs
  An ice devil (Abyss:1)
  3 hellwings
  8 ancient zymes
  9 demonic crawlers
  14 polar bears
  A red devil (Depths:4)
  A yaktaur (shapeshifter) (Depths:2)
  A golden dragon simulacrum (Depths:3)
  A troll (shapeshifter) (Vaults:3)
  2 tengu conjurers
  3 trolls
  An elf skeleton (Depths:4)
  2 queen bees (shapeshifter)
  7 tyrant leeches
  Grinder (D:3)
  26 raiju
  4 bog bodies
  12 jumping spiders
  19 blink frogs
  22 hornets
  96 slime creatures
  A blink frog (shapeshifter) (Depths:1)
  A stone giant simulacrum (Vaults:3)
  7 hippogriffs
  An ice dragon zombie (Depths:1)
  8 flying skulls
  An ice dragon skeleton (Depths:1)
  8 wraiths
  A shadow (D:14)
  2 spriggan skeletons (Depths:1)
  A vampire (D:12)
  2 ynoxinuls
  An air elemental (Elf:1)
  53 redbacks
  5 chaos spawn
  A tarantella (shapeshifter) (D:14)
  10 tarantellas
  2 wyverns
  15 water elementals
  36 yaks
  A fire bat (Abyss:3)
  5 golden eyes
  A hog (shapeshifter) (Vaults:1)
  2 basilisks (Lair:6)
  A human (D:7)
  17 large abominations
  2 fire elementals
  3 neqoxecs
  4 hogs
  A hungry ghost (D:14)
  3 steam dragons
  14 vampire mosquitoes
  4 wargs
  11 swamp worms
  20 insubstantial wisps
  An ogre zombie (Vaults:1)
  4 acid dragons
  A naga (Abyss:3)
  2 spatial vortices (Abyss:3)
  14 water moccasins
  9 hell hounds
  9 porcupines
  A floating eye (shapeshifter) (Depths:4)
  7 sky beasts
  14 swamp drakes
  2 floating eyes
  3 ice beasts
  5 eyes of draining
  26 orc warriors
  3 phantoms
  A black bear (D:10)
  49 ogres
  2 black mamba simulacra (Vaults:4)
  2 fire dragon simulacra (Vaults:4)
  A necrophage (D:7)
  4 boggarts
  20 wolves
  A snapping turtle skeleton (Abyss:3)
  14 centaurs
  6 crocodiles
  4 big kobolds
  9 bullfrogs
  2 earth elementals
  A wyvern skeleton (D:11)
  A yaktaur skeleton (Vaults:1)
  3 scorpions
  3 human simulacra
  An elephant simulacrum (Vaults:4)
  A spectral wolf (Depths:4)
  11 killer bees
  9 wights
  4 electric eels
  2 howler monkeys
  2 quasits
  A bullfrog zombie (D:8)
  10 crimson imps
  17 orc priests
  4 bullfrog skeletons
  2 gnoll shamans
  3 hounds
  2 iron imps
  A jelly (D:9)
  14 small abominations
  5 centaur skeletons
  3 iguanas
  25 orc wizards
  12 worker ants
  A troll simulacrum (Vaults:4)
  2 killer bee zombies
  2 worker ant zombies (D:6)
  11 gnolls
  A howler monkey skeleton (D:9)
  7 adders
  A naga simulacrum (Vaults:4)
  4 shadow imps
  6 white imps
  3 ufetubi
  An adder skeleton (D:9)
  2 worms
  4 leopard geckos
  83 orcs
  6 bats
  4 giant cockroaches
  9 goblins
  10 hobgoblins
  5 jackals
  3 quokkas (D:5)
  2 ball pythons
  6 frilled lizards
  26 kobolds
  A leopard gecko skeleton (D:4)
  A leopard gecko zombie (D:8)
  3 rats
  A briar patch (Swamp:4)
  A crawling corpse (Vaults:5)
  2 fungi
  A lurking horror (Abyss:4)
  9 starspawn tentacles
2296 creatures vanquished.

Vanquished Creatures (collateral kills)
  2 ancient liches
  Saint Roka (Depths:3)
  The ghost of sipior the Deadly Accurate, a veteran TrBe of Trog (Depths:2)
  A golden dragon (Vaults:5)
  3 Orb Guardians (Zot:5)
  A tentacled monstrosity (Zot:4)
  A quicksilver dragon (Zot:2)
  A deep elf master archer (Elf:3)
  A titan (Depths:3)
  A death cob (Zot:3)
  A thorn hunter (Swamp:3)
  4 storm dragons
  A shadow dragon (Zot:5)
  Agnes (Elf:2)
  A frost giant (IceCv)
  7 deep elf sorcerers
  A draconian scorcher (Zot:5)
  3 fire giants
  The ghost of Emblim88 the Grappler, a journeyman TrBe of Trog (Orc:2)
  3 deep elf elementalists (Elf:3)
  2 vault wardens
  2 draconian shifters
  3 very ugly things
  4 ironheart preservers
  A draconian annihilator (Zot:5)
  3 stone giants
  An entropy weaver (Vaults:4)
  A deep elf demonologist (Depths:5)
  A white draconian (Zot:4)
  3 black draconians
  A dire elephant (Lair:6)
  2 deep elf annihilators (Elf:3)
  A purple draconian (Zot:4)
  3 yellow draconians
  A green draconian (Zot:1)
  A pale draconian (Depths:5)
  2 spark wasps (Spider:4)
  3 red draconians
  A blizzard demon (Depths:3)
  2 deep elf death magi
  2 fire dragons
  A merfolk javelineer (Depths:3)
  4 ettins
  2 deep elf high priests
  2 jiangshi
  A great orb of eyes (Depths:4)
  4 vault guards
  2 yaktaur captains (Vaults:1)
  2 rakshasas (Depths:1)
  7 hydras
  2 ice dragons
  3 centaur warriors
  11 two-headed ogres
  An alligator (Swamp:1)
  A death knight (Vaults:3)
  4 ogre magi
  3 death yaks
  A tengu warrior (Depths:2)
  4 deep troll earth magi
  5 deep troll shamans
  A vampire mage (Depths:4)
  A small abomination (Elf:3)
  2 spriggan berserkers
  A hell knight (Depths:3)
  An iron troll (Depths:5)
  4 deep elf knights
  A salamander mystic (Depths:5)
  2 wizards
  5 deep trolls
  An unseen horror (Vaults:1)
  A spriggan druid (Swamp:4)
  A glowing orange brain (Depths:2)
  A sea snake (Vaults:4)
  2 phantasmal warriors
  2 deep elf archers
  3 necromancers
  3 swamp dragons (Swamp:4)
  2 ironbrand convokers
  An orc knight (Vaults:3)
  11 orb spiders
  10 deep elf magi
  6 ugly things
  5 wolf spiders
  2 orc sorcerers
  2 elephants (Lair:5)
  A salamander (Depths:4)
  An ice statue (Vaults:4)
  A titan simulacrum (Depths:4)
  A vault sentinel (Vaults:3)
  3 rime drakes
  2 demonic crawlers
  2 komodo dragons (Lair:6)
  8 yaktaurs
  2 ice devils (Lair:6)
  2 red devils (Lair:6)
  8 polar bears
  A tengu conjurer (Depths:2)
  4 jumping spiders
  A bog body (Swamp:2)
  14 hornets
  7 slime creatures
  2 tyrant leeches
  5 dream sheep (Lair:5)
  2 hippogriffs
  6 blink frogs
  16 redbacks
  A shadow (Swamp:4)
  7 tarantellas
  15 yaks
  8 spriggans
  A wyvern (D:15)
  A golden eye (Slime:2)
  A basilisk (Lair:1)
  2 steam dragons (Depths:5)
  4 vampire mosquitoes
  3 insubstantial wisps
  3 swamp worms
  2 wargs
  3 acid dragons (Depths:5)
  5 hell hounds
  A porcupine (Lair:2)
  A water moccasin (Lair:6)
  4 swamp drakes
  4 orc warriors
  An ice beast (D:6)
  A large abomination (Abyss:3)
  8 wolves
  17 ogres
  4 boggarts
  8 centaurs
  2 crocodiles
  A big kobold (D:14)
  A bullfrog (D:4)
  3 crimson imps
  A bullfrog zombie (D:5)
  A gnoll shaman (Orc:2)
  A jelly (D:5)
  A hound (D:6)
  3 orc priests
  A centaur skeleton (D:4)
  An orc wizard (Vaults:4)
  4 worker ants
  9 gnolls
  An adder (D:2)
  An ooze (D:1)
  A dart slug (D:1)
  22 orcs
  2 bats (D:2)
  9 goblins
  10 hobgoblins
  3 jackals (D:5)
  A quokka (D:7)
  A giant cockroach zombie (D:6)
  4 kobolds
  2 rats
  7 briar patches
  A crawling corpse (Elf:3)
  A fungus (Lair:5)
  A plant (Lair:4)
  A starspawn tentacle (Abyss:3)
498 creatures vanquished.

Vanquished Creatures (others)
  A fire giant (Depths:2)
  A ghost moth (Spider:4)
  2 stone giants (Vaults:5)
  An ice dragon (Depths:5)
  3 yaktaur captains
  Erica (D:10)
  A centaur warrior (Depths:1)
  An orc knight (Vaults:5)
  A moth of wrath (Zot:4)
  A vault sentinel (Vaults:3)
  13 yaktaurs
  A tyrant leech (Swamp:2)
  A hornet (Depths:3)
  4 slaves (D:8)
  An orc warrior (D:7)
  A boggart (Depths:2)
  An ogre (Depths:1)
  A crimson imp (D:8)
  An orc (D:9)
  3 kobolds (D:8)
  A bush (Lair:6)
  8 fungi
  3 lurking horrors
  2 plants (Lair:6)
  74 spectral weapons
  37 starspawn tentacles
165 creatures vanquished.

Grand Total: 2959 creatures vanquished

Notes
Turn   | Place    | Note
-------+----------+-------------------------------------------
     0 | D:1      | Gruesph the Gnoll Summoner began the quest for the Orb.
     0 | D:1      | Reached XP level 1. HP: 13/13 MP: 6/6
   102 | D:1      | Reached XP level 2. HP: 19/19 MP: 7/7
   106 | D:1      | Learned a level 2 spell: Call Imp
   490 | D:1      | Reached XP level 3. HP: 23/25 MP: 9/9
   560 | D:1      | Reached skill level 5 in Spellcasting
  1270 | D:2      | Reached skill level 1 in Invocations
  1279 | D:2      | Found a shattered altar of Ashenzari.
  1624 | D:2      | Reached skill level 1 in Fighting
  1624 | D:2      | Reached skill level 1 in Short Blades
  1624 | D:2      | Reached skill level 1 in Long Blades
  1624 | D:2      | Reached skill level 1 in Axes
  1624 | D:2      | Reached skill level 1 in Maces & Flails
  1624 | D:2      | Reached skill level 1 in Polearms
  1624 | D:2      | Reached skill level 1 in Staves
  1624 | D:2      | Reached skill level 1 in Slings
  1624 | D:2      | Reached skill level 1 in Bows
  1624 | D:2      | Reached skill level 1 in Crossbows
  1624 | D:2      | Reached skill level 1 in Throwing
  1624 | D:2      | Reached skill level 1 in Armour
  1624 | D:2      | Reached skill level 1 in Shields
  1624 | D:2      | Reached skill level 1 in Unarmed Combat
  1624 | D:2      | Reached skill level 1 in Evocations
  1652 | D:2      | Reached XP level 4. HP: 19/32 MP: 9/11
  2054 | D:2      | Found a bloodstained altar of Trog.
  2710 | D:2      | Reached skill level 1 in Conjurations
  2710 | D:2      | Reached skill level 1 in Hexes
  2710 | D:2      | Reached skill level 1 in Charms
  2710 | D:2      | Reached skill level 1 in Necromancy
  2710 | D:2      | Reached skill level 1 in Translocations
  2710 | D:2      | Reached skill level 1 in Transmutations
  2710 | D:2      | Reached skill level 1 in Fire Magic
  2710 | D:2      | Reached skill level 1 in Ice Magic
  2710 | D:2      | Reached skill level 1 in Air Magic
  2710 | D:2      | Reached skill level 1 in Earth Magic
  2710 | D:2      | Reached skill level 1 in Poison Magic
  2853 | D:2      | Reached XP level 5. HP: 27/37 MP: 9/12
  3113 | D:3      | Found a shadowy altar of Dithmenos.
  3374 | D:3      | Found a snail-covered altar of Cheibriados.
  3380 | D:3      | Became a worshipper of Cheibriados the Contemplative
  3401 | D:3      | Noticed Grinder
  3423 | D:3      | Killed Grinder
  3423 | D:3      | Reached XP level 6. HP: 39/44 MP: 9/14
  3482 | D:3      | Found a shadowy altar of Dithmenos.
  3483 | D:3      | Found a glowing golden altar of the Shining One.
  3989 | D:4      | Reached skill level 5 in Dodging
  4425 | D:4      | Reached XP level 7. HP: 49/50 MP: 13/15
  4942 | D:4      | Reached * piety under Cheibriados
  5218 | D:5      | Entered Level 5 of the Dungeon
  5717 | D:5      | Reached skill level 5 in Stealth
  6066 | D:5      | Reached XP level 8. HP: 57/57 MP: 13/16
  6119 | D:5      | Reached ** piety under Cheibriados
  6492 | D:6      | Found a blossoming altar of Fedhas.
  6496 | D:6      | Reached skill level 5 in Fighting
  6496 | D:6      | Reached skill level 5 in Short Blades
  6496 | D:6      | Reached skill level 5 in Long Blades
  6496 | D:6      | Reached skill level 5 in Axes
  6496 | D:6      | Reached skill level 5 in Maces & Flails
  6496 | D:6      | Reached skill level 5 in Polearms
  6496 | D:6      | Reached skill level 5 in Staves
  6496 | D:6      | Reached skill level 5 in Slings
  6496 | D:6      | Reached skill level 5 in Bows
  6496 | D:6      | Reached skill level 5 in Crossbows
  6496 | D:6      | Reached skill level 5 in Throwing
  6496 | D:6      | Reached skill level 5 in Armour
  6496 | D:6      | Reached skill level 7 in Dodging
  6496 | D:6      | Reached skill level 5 in Shields
  6496 | D:6      | Reached skill level 5 in Unarmed Combat
  6496 | D:6      | Reached skill level 5 in Invocations
  6496 | D:6      | Reached skill level 5 in Evocations
  6496 | D:6      | Reached XP level 9. HP: 68/68 MP: 16/20
  6521 | D:6      | Found a stormy altar of Qazlal.
  7119 | D:6      | Found a staircase to the Ecumenical Temple.
  7319 | D:6      | Reached *** piety under Cheibriados
  7756 | Temple   | Entered the Ecumenical Temple
  9267 | D:7      | Reached XP level 10. HP: 66/76 MP: 21/21
 10111 | D:7      | Reached **** piety under Cheibriados
 11109 | D:8      | Found a staircase to the Lair.
 11198 | D:8      | Noticed Pikel
 11213 | D:8      | Killed Pikel
 11213 | D:8      | Reached skill level 5 in Conjurations
 11213 | D:8      | Reached skill level 5 in Hexes
 11213 | D:8      | Reached skill level 5 in Charms
 11213 | D:8      | Reached skill level 5 in Necromancy
 11213 | D:8      | Reached skill level 5 in Translocations
 11213 | D:8      | Reached skill level 5 in Transmutations
 11213 | D:8      | Reached skill level 5 in Fire Magic
 11213 | D:8      | Reached skill level 5 in Ice Magic
 11213 | D:8      | Reached skill level 5 in Air Magic
 11213 | D:8      | Reached skill level 5 in Earth Magic
 11213 | D:8      | Reached skill level 5 in Poison Magic
 12655 | D:9      | Reached ***** piety under Cheibriados
 12736 | D:9      | Reached XP level 11. HP: 80/80 MP: 23/23
 12737 | D:9      | Noticed a deep elf mage
 12747 | D:9      | Killed a deep elf mage
 12763 | D:9      | Noticed a deep elf mage
 12764 | D:9      | Found the -2 hat of the Alchemist {rElec rPois rF+ rC+ rN+
                  | MR+ rMut rCorr}
 12775 | D:9      | Killed a deep elf mage
 12940 | D:9      | Reached skill level 8 in Dodging
 13122 | D:9      | Found a staircase to the Orcish Mines.
 13327 | D:9      | Learned a level 2 spell: Blink
 13343 | D:10     | Entered Level 10 of the Dungeon
 13347 | D:10     | Found Obus's Antique Weapon Shoppe.
 13419 | D:10     | Noticed a manticore
 13429 | D:10     | Killed a manticore
 13517 | D:10     | Noticed a catoblepas
 13559 | D:10     | Killed a catoblepas
 13857 | D:10     | Noticed Erica
 13871 | D:10     | Killed Erica
 13884 | D:10     | Noticed Maurice
 13895 | D:10     | Killed Maurice
 13949 | D:10     | Found Nehuf's Jewellery Shop.
 14310 | D:10     | Found Ydoicul's General Store.
 14318 | D:10     | Bought a potion of curing for 45 gold pieces
 14318 | D:10     | Bought a scroll of teleportation for 45 gold pieces
 14962 | D:11     | Found Lolupevo's Magic Scroll Boutique.
 15077 | D:11     | Found Haref's General Store.
 15080 | D:11     | Bought 2 scrolls of blinking for 240 gold pieces
 15170 | D:11     | Found Vuf Gic's Assorted Antiques.
 15181 | D:11     | Noticed a tengu warrior
 15202 | D:11     | Killed a tengu warrior
 15209 | D:11     | Reached XP level 12. HP: 80/90 MP: 24/24
 15268 | D:11     | Bought a potion of heal wounds for 170 gold pieces
 15499 | D:11     | Found Nockir's Weapon Shop.
 15723 | D:11     | Learned a level 3 spell: Mephitic Cloud
 15728 | D:11     | Learned a level 4 spell: Summon Ice Beast
 16187 | D:12     | Noticed Nergalle
 16200 | D:12     | Killed Nergalle
 16323 | D:12     | Noticed a two-headed ogre
 16330 | D:12     | Killed a two-headed ogre
 17092 | Lair:1   | Entered Level 1 of the Lair of Beasts
 17098 | Lair:1   | Reached skill level 9 in Dodging
 17119 | Lair:1   | Learned a level 3 spell: Conjure Flame
 17124 | Lair:1   | Learned a level 4 spell: Summon Lightning Spire
 17910 | Lair:1   | Learned a level 3 spell: Regeneration
 18141 | Lair:2   | Learned a level 3 spell: Spectral Weapon
 18179 | Lair:2   | Reached ****** piety under Cheibriados
 18405 | Lair:2   | Reached XP level 13. HP: 83/97 MP: 22/26
 19109 | Lair:3   | Found a frozen archway.
 19115 | IceCv    | Entered an ice cave
 19830 | IceCv    | Noticed a frost giant
 19842 | IceCv    | Killed a frost giant
 19842 | IceCv    | Reached skill level 10 in Summonings
 19898 | IceCv    | Got an ichor-stained glaive
 20235 | IceCv    | Identified the cursed +0 glaive of Revolt {chop, +Rage
                  | Dex+5} (You found it in an ice cave)
 21136 | Lair:4   | Found a hole to the Spider Nest.
 21240 | Lair:4   | Reached skill level 10 in Spellcasting
 21341 | Lair:4   | Found a staircase to the Swamp.
 22179 | Lair:5   | Reached XP level 14. HP: 105/105 MP: 28/28
 22269 | Lair:5   | Reached skill level 10 in Dodging
 22817 | Lair:6   | Entered Level 6 of the Lair of Beasts
 23372 | Lair:5   | Reached skill level 10 in Stealth
 23605 | Lair:6   | Noticed Urug
 23847 | Lair:6   | Killed Urug
 23888 | Lair:6   | Reached skill level 10 in Invocations
 24656 | Lair:6   | Found a viscous altar of Jiyva.
 24656 | Lair:6   | Found a staircase to the Slime Pits.
 24826 | Lair:6   | Noticed a dire elephant
 24836 | Lair:6   | Killed a dire elephant
 25284 | Lair:6   | Reached XP level 15. HP: 83/114 MP: 22/29
 25405 | Lair:6   | Found a burning altar of Makhleb.
 25467 | Lair:6   | Found a gateway to Hell.
 25722 | Orc:1    | Entered Level 1 of the Orcish Mines
 25866 | Orc:2    | Entered Level 2 of the Orcish Mines
 26231 | Orc:2    | Found a runed translucent gate.
 26231 | Orc:2    | Noticed Emblim88's ghost (journeyman TrBe)
 26232 | Orc:2    | Found a runed translucent gate.
 26302 | Orc:2    | Found a runed translucent gate.
 26605 | Orc:2    | Found Xatedeut's Antique Weapon Shop.
 26605 | Orc:2    | Found Boir's Antique Armour Emporium.
 26605 | Orc:2    | Found Jitemme's Assorted Antiques.
 26605 | Orc:2    | Found Zeups's Assorted Antiques.
 26747 | Orc:2    | Reached skill level 10 in Fighting
 26747 | Orc:2    | Reached skill level 10 in Short Blades
 26747 | Orc:2    | Reached skill level 10 in Long Blades
 26747 | Orc:2    | Reached skill level 10 in Axes
 26747 | Orc:2    | Reached skill level 10 in Maces & Flails
 26747 | Orc:2    | Reached skill level 10 in Polearms
 26747 | Orc:2    | Reached skill level 10 in Staves
 26747 | Orc:2    | Reached skill level 10 in Slings
 26747 | Orc:2    | Reached skill level 10 in Bows
 26747 | Orc:2    | Reached skill level 10 in Crossbows
 26747 | Orc:2    | Reached skill level 10 in Throwing
 26747 | Orc:2    | Reached skill level 10 in Armour
 26747 | Orc:2    | Reached skill level 10 in Shields
 26747 | Orc:2    | Reached skill level 10 in Unarmed Combat
 26747 | Orc:2    | Reached skill level 10 in Evocations
 26951 | Orc:2    | Found a flickering gateway to a bazaar.
 26956 | Bazaar   | Entered a bazaar
 26960 | Bazaar   | Found Keprer's General Store.
 26978 | Bazaar   | Found Tonuuf's Antique Armour Emporium.
 26995 | Bazaar   | Found Hoceuf's Weapon Boutique.
 27012 | Bazaar   | Found Bamupser's Food Shoppe.
 27034 | Bazaar   | Bought a potion of curing for 33 gold pieces
 27034 | Bazaar   | Bought a scroll of enchant weapon for 82 gold pieces
 27034 | Bazaar   | Bought a scroll of teleportation for 33 gold pieces
 27104 | Orc:2    | Found a staircase to the Elven Halls.
 27541 | Orc:1    | Found a roughly hewn altar of Beogh.
 27672 | Orc:1    | Found a shimmering blue altar of Sif Muna.
 27687 | Orc:1    | Identified Sif Muna's Grimoire of Displacement
 27945 | Orc:2    | Bought a potion of curing for 69 gold pieces
 27998 | Orc:2    | Killed Emblim88's ghost
 28004 | Orc:2    | Identified the Guide on Creative Protection
 28332 | D:13     | Reached skill level 11 in Dodging
 29338 | D:14     | Found a snail-covered altar of Cheibriados.
 29863 | D:14     | Found a gate to the Vaults.
 30177 | D:15     | Entered Level 15 of the Dungeon
 30408 | D:15     | Found a staircase to the Depths.
 30648 | D:15     | Reached XP level 16. HP: 116/123 MP: 28/31
 31666 | Lair:4   | Learned a level 4 spell: Animate Dead
 31667 | Swamp:1  | Entered Level 1 of the Swamp
 32306 | Swamp:1  | Identified the Compendium of Poison
 32819 | Swamp:2  | Got a bloodstained chain mail
 32830 | Swamp:2  | Identified the +7 chain mail of the Moon {Int+8} (You found
                  | it on level 2 of the Swamp)
 34676 | Swamp:3  | Noticed a thorn hunter
 34690 | Swamp:3  | Killed a thorn hunter
 35260 | Swamp:4  | Entered Level 4 of the Swamp
 35378 | Swamp:4  | Noticed a thorn hunter
 35386 | Swamp:4  | Killed a thorn hunter
 35644 | Swamp:4  | Learned a level 6 spell: Deflect Missiles
 35906 | Swamp:4  | Noticed a thorn hunter
 35913 | Swamp:4  | Killed a thorn hunter
 35913 | Swamp:4  | Reached XP level 17. HP: 125/131 MP: 18/33
 36214 | Swamp:4  | Reached skill level 12 in Dodging
 36757 | Swamp:4  | Got a decaying rune of Zot
 37094 | Lair:4   | Upgraded the game from 0.24.0-35-gdb84b6a5db to
                  | 0.24.0-37-gcf1ca852f1
 37097 | Spider:1 | Entered Level 1 of the Spider Nest
 40246 | Spider:3 | Identified a scroll of acquirement
 40252 | Spider:3 | Got an encrusted hat
 40253 | Spider:3 | Identified the +0 hat of the Accordion {+Inv rElec MR++}
                  | (You acquired it on level 3 of the Spider Nest)
 40299 | Spider:4 | Entered Level 4 of the Spider Nest
 40554 | Spider:4 | Reached skill level 10 in Conjurations
 40554 | Spider:4 | Reached skill level 10 in Hexes
 40554 | Spider:4 | Reached skill level 10 in Charms
 40554 | Spider:4 | Reached skill level 10 in Necromancy
 40554 | Spider:4 | Reached skill level 10 in Translocations
 40554 | Spider:4 | Reached skill level 10 in Transmutations
 40554 | Spider:4 | Reached skill level 10 in Fire Magic
 40554 | Spider:4 | Reached skill level 10 in Ice Magic
 40554 | Spider:4 | Reached skill level 10 in Air Magic
 40554 | Spider:4 | Reached skill level 10 in Earth Magic
 40554 | Spider:4 | Reached skill level 10 in Poison Magic
 41298 | Spider:4 | Reached XP level 18. HP: 123/139 MP: 20/34
 41891 | Spider:4 | Noticed Arachne
 42163 | Spider:4 | Killed Arachne
 42564 | Spider:4 | Got a gossamer rune of Zot
 42926 | Spider:4 | Got a faintly glowing jade amulet
 42931 | Spider:4 | Identified the amulet "Qoedghub" {Acrobat Fragile rF+++
                  | Int+4 Slay+2} (You acquired it on level 4 of the Spider
                  | Nest)
 43385 | Vaults:1 | Entered Level 1 of the Vaults
 43657 | Vaults:1 | Found a large runed translucent door.
 43658 | Vaults:1 | Found a large runed translucent door.
 43658 | Vaults:1 | Noticed qpqp's ghost (adept OgFi)
 44395 | Vaults:1 | Found Ytihuoluo's Assorted Antiques.
 44413 | Vaults:1 | Bought a potion of curing for 123 gold pieces
 44413 | Vaults:1 | Bought a scroll of blinking for 307 gold pieces
 44718 | Vaults:1 | Reached skill level 13 in Dodging
 45058 | Vaults:1 | Reached XP level 19. HP: 144/144 MP: 33/36
 45938 | Vaults:1 | Killed qpqp's ghost
 46167 | Vaults:2 | Found a flickering gateway to a bazaar.
 46202 | Bazaar   | Entered a bazaar
 46286 | Bazaar   | Found Zipe's Antique Weapon Boutique.
 46302 | Bazaar   | Found Huafaebbom's Magic Scroll Emporium.
 46354 | Bazaar   | Found Esutian's Book Boutique.
 46378 | Bazaar   | Found Jemp's Antique Armour Shoppe.
 46451 | Bazaar   | Found Xom Jephuqu's Gadget Shoppe.
 46480 | Bazaar   | Bought a steaming great mace for 287 gold pieces
 46494 | Bazaar   | Bought a scroll of teleportation for 48 gold pieces
 46494 | Bazaar   | Bought a scroll of immolation for 56 gold pieces
 46494 | Bazaar   | Identified the +4 great mace of Avomidecw {drain, rF+ Str+3
                  | Int-3} (You bought it in a shop in a bazaar)
 48840 | Orc:2    | Bought a pair of glowing gloves for 232 gold pieces
 48840 | Orc:2    | Bought a runed cloak for 232 gold pieces
 49994 | Vaults:3 | Reached XP level 20. HP: 88/153 MP: 22/37
 50263 | Vaults:3 | Identified the Papyrus of Creative Stolen Souls
 50267 | Vaults:3 | Learned a level 1 spell: Summon Butterflies
 50624 | Vaults:3 | Found a staircase to the Crypt.
 52031 | Vaults:4 | Identified the Disquisition on the Escort
 52217 | Vaults:4 | Reached skill level 14 in Dodging
 52611 | Vaults:4 | Identified the Almanac of Poison
 53190 | Vaults:4 | Identified Sif Muna's Guide on Snow
 53514 | Elf:1    | Entered Level 1 of the Elven Halls
 53821 | Elf:1    | Found a magical portal.
 54118 | Elf:1    | Reached XP level 21. HP: 149/158 MP: 36/39
 55080 | Elf:2    | Found Ynupnyuw's Jewellery Emporium.
 55491 | Elf:2    | Found a huge runed translucent gate.
 55491 | Elf:2    | Found a huge runed translucent gate.
 55492 | Elf:2    | Found a huge runed translucent gate.
 55638 | Elf:2    | Found a huge runed translucent gate.
 55638 | Elf:2    | Found a huge runed translucent gate.
 55779 | Elf:2    | Noticed Agnes
 56006 | Elf:2    | Killed Agnes
 56921 | Elf:3    | Entered Level 3 of the Elven Halls
 57005 | Elf:3    | Found Pumats's Antique Weapon Shop.
 57041 | Elf:3    | Noticed Bai Suzhen
 57045 | Elf:3    | Found Goodwix's Book Shop.
 57053 | Elf:3    | Killed Bai Suzhen
 57131 | Elf:3    | Found Kedymn's Antique Armour Shop.
 57152 | Elf:3    | Found Qupireri's Antique Weapon Emporium.
 57227 | Elf:3    | Noticed Mara
 57231 | Elf:3    | Noticed Gruesph's illusion
 57258 | Elf:3    | Noticed Gruesph's illusion
 57260 | Elf:3    | Found Anadwelu's Antique Armour Emporium.
 57263 | Elf:3    | Noticed Gruesph's illusion
 57264 | Elf:3    | Noticed Gruesph's illusion
 57293 | Elf:3    | Killed Mara
 57573 | Elf:3    | Bought a distressingly furry ring mail for 225 gold pieces
 57573 | Elf:3    | Identified the +3 ring mail "Cuanexowk" {Slay+6} (You
                  | bought it in a shop on level 3 of the Elven Halls)
 57889 | Elf:3    | Reached skill level 15 in Invocations
 58080 | Elf:3    | Identified the +2 robe "Rouczov" {+Blink +Inv rCorr Int+3}
 58101 | Elf:3    | Learned a level 5 spell: Summon Mana Viper
 58491 | Elf:3    | Learned a level 5 spell: Aura of Abjuration
 59073 | Elf:3    | Identified the ring of Bont {+Fly SInv}
 59508 | Elf:3    | Identified Ysecwela's Guide on the Creative Mountains
 59513 | Elf:3    | Got a pair of bloodstained gloves
 59514 | Elf:3    | Identified the +0 pair of gloves of Hosic {rElec Stlth+}
                  | (You found it on level 3 of the Elven Halls)
 59520 | Elf:3    | Identified the Papyrus of Flight and Beguiling
 59567 | Elf:3    | Identified the Grimoire of Displacement
 59579 | Elf:3    | Identified the Guide on the Ashen Compass
 59599 | Elf:3    | Identified the Reference Book on Unstable Conjuration
 59619 | Elf:3    | Identified a +2 pair of boots of running (You found it on
                  | level 3 of the Elven Halls)
 60344 | D:11     | Bought 3 scrolls of identify for 72 gold pieces
 60344 | D:11     | Bought a scroll of identify for 24 gold pieces
 60344 | D:11     | Bought a scroll of magic mapping for 42 gold pieces
 60344 | D:11     | Bought a scroll of identify for 24 gold pieces
 60367 | D:11     | Bought a scroll of teleportation for 48 gold pieces
 60367 | D:11     | Bought a scroll of magic mapping for 56 gold pieces
 60465 | Depths:1 | Entered Level 1 of the Depths
 60517 | Depths:1 | Reached XP level 22. HP: 138/172 MP: 34/40
 60650 | Depths:1 | Found Ycimen's Gadget Shop.
 60653 | Depths:1 | Found Vimud's Jewellery Shoppe.
 60654 | Depths:1 | Found Oginuomn's Gadget Shop.
 61120 | Depths:1 | Learned a level 6 spell: Shadow Creatures
 61840 | Depths:2 | Reached skill level 15 in Spellcasting
 61989 | Depths:2 | Noticed a juggernaut
 62015 | Depths:2 | Killed a juggernaut
 62030 | Depths:2 | Reached skill level 15 in Dodging
 62389 | Depths:2 | Found an ornate altar of the Wu Jian Council.
 62706 | Depths:2 | Found a gateway to a ziggurat.
 62789 | Depths:2 | Reached skill level 15 in Stealth
 63013 | Depths:2 | You fall into a shaft and drop 2 floors!
 63034 | Depths:4 | You fall into a shaft and drop 1 floor!
 63034 | Depths:5 | Entered Level 5 of the Depths
 63175 | Depths:5 | Gained mutation: You are robust. (+10% HP) [mutagenic glow]
 63594 | Depths:4 | Found a one-way gate to the infinite horrors of the Abyss.
 64253 | Depths:3 | Found a one-way gate leading to the halls of Pandemonium.
 64392 | Depths:2 | Found a runed translucent door.
 64406 | Depths:2 | Noticed Buikafa's ghost (adept DgCj)
 64442 | Depths:2 | Killed Buikafa's ghost
 64442 | Depths:2 | Reached XP level 23. HP: 141/196 MP: 18/42
 64451 | Depths:2 | Got a sparkling turquoise ring
 64459 | Depths:2 | Identified the ring of Marod {MR+ EV+2 Int+3} (You found it
                  | on level 2 of the Depths)
 64579 | Depths:2 | Found a runed translucent door.
 64579 | Depths:2 | Noticed sipior's ghost (veteran TrBe)
 64598 | Depths:2 | Killed sipior's ghost
 64658 | Depths:2 | Found a runed translucent door.
 64658 | Depths:2 | Noticed Xewkuy's ghost (journeyman MiBe)
 65194 | Depths:3 | Noticed Saint Roka
 65217 | Depths:3 | Killed Saint Roka
 65368 | Depths:3 | Found Tetz's Magic Scroll Boutique.
 65384 | Depths:3 | Bought a scroll of teleportation for 69 gold pieces
 65384 | Depths:3 | Bought a scroll of teleportation for 69 gold pieces
 66063 | Depths:3 | You fall into a shaft and drop 2 floors!
 66072 | Depths:5 | Noticed a golden dragon
 66090 | Depths:5 | Killed a golden dragon
 66090 | Depths:5 | Reached skill level 15 in Fighting
 66090 | Depths:5 | Reached skill level 15 in Short Blades
 66090 | Depths:5 | Reached skill level 15 in Long Blades
 66090 | Depths:5 | Reached skill level 15 in Axes
 66090 | Depths:5 | Reached skill level 15 in Maces & Flails
 66090 | Depths:5 | Reached skill level 15 in Polearms
 66090 | Depths:5 | Reached skill level 15 in Staves
 66090 | Depths:5 | Reached skill level 15 in Slings
 66090 | Depths:5 | Reached skill level 15 in Bows
 66090 | Depths:5 | Reached skill level 15 in Crossbows
 66090 | Depths:5 | Reached skill level 15 in Throwing
 66090 | Depths:5 | Reached skill level 15 in Armour
 66090 | Depths:5 | Reached skill level 15 in Shields
 66090 | Depths:5 | Reached skill level 15 in Unarmed Combat
 66090 | Depths:5 | Reached skill level 15 in Evocations
 66326 | Depths:5 | Identified the cursed +0 helmet "Wudin" {*Slow rCorr Int+2
                  | SInv} (You found it on level 5 of the Depths)
 67525 | Depths:5 | Noticed a golden dragon
 67536 | Depths:5 | Killed a golden dragon
 67609 | Depths:5 | Found a gate to the Realm of Zot.
 67615 | Depths:5 | Got a pair of distressingly furry boots
 67616 | Depths:5 | Identified the +0 pair of boots of Filth {rElec Dex+3 SInv}
                  | (You acquired it on level 5 of the Depths)
 68078 | Slime:1  | Entered Level 1 of the Pits of Slime
 68193 | Slime:2  | Gained mutation: You occasionally shout uncontrollably at
                  | your foes. [a shining eye]
 68349 | Slime:2  | Gained mutation: You are clumsy. (Dex -2) [a shining eye]
 68697 | Slime:3  | Reached XP level 24. HP: 198/207 MP: 42/42
 68970 | Slime:5  | Entered Level 5 of the Pits of Slime
 68993 | Slime:5  | Gained mutation: Armour fits poorly on your strangely
                  | shaped body. [a shining eye]
 69024 | Slime:5  | Lost mutation: Armour fits poorly on your strangely shaped
                  | body. [potion of mutation]
 69024 | Slime:5  | Lost mutation: You occasionally shout uncontrollably at
                  | your foes. [potion of mutation]
 69024 | Slime:5  | Lost mutation: You are clumsy. (Dex -2) [potion of
                  | mutation]
 69024 | Slime:5  | Lost mutation: You are robust. (+10% HP) [potion of
                  | mutation]
 69024 | Slime:5  | Gained mutation: Your flesh is cold resistant. (rC+)
                  | [potion of mutation]
 69024 | Slime:5  | Gained mutation: Your mind is acute. (Int +2) [potion of
                  | mutation]
 69024 | Slime:5  | Gained mutation: You have large cloven feet. [potion of
                  | mutation]
 69221 | Slime:5  | Noticed the Royal Jelly
 69233 | Slime:5  | Killed the Royal Jelly
 69233 | Slime:5  | Reached skill level 16 in Dodging
 69519 | Slime:5  | Identified the +3 scale mail of the Orb {rF+} (You found it
                  | on level 5 of the Pits of Slime)
 69566 | Slime:5  | Identified the cursed +0 scale mail of Indemnity {Str+6}
                  | (You found it on level 5 of the Pits of Slime)
 69607 | Slime:5  | Identified Sufeyram's Catalogue of Ignition and
                  | Enhancements
 69648 | Slime:5  | Got a slimy rune of Zot
 70495 | Vaults:5 | Entered Level 5 of the Vaults
 70642 | Vaults:5 | Noticed an ancient lich
 70651 | Vaults:5 | Killed an ancient lich
 70676 | Vaults:5 | Got a silver rune of Zot
 70836 | Vaults:5 | Reached skill level 15 in Summonings
 71022 | Vaults:5 | Reached XP level 25. HP: 179/197 MP: 31/43
 71483 | Vaults:5 | Identified the cursed +1 falchion of Perfectionism {venom,
                  | MR++ Str+5 Int-4}
 71650 | Vaults:5 | Reached skill level 17 in Dodging
 71688 | Vaults:5 | Identified the +6 rapier of the Hills {pierce, MR+}
 73864 | Depths:4 | Noticed Margery
 73875 | Depths:4 | Killed Margery
 74665 | Depths:4 | Reached XP level 26. HP: 206/206 MP: 27/43
 74670 | Depths:4 | Noticed Jory
 74684 | Depths:4 | Killed Jory
 75031 | Depths:4 | Found an ancient bone altar of Kikubaaqudgha.
 76086 | Depths:4 | Got a dazzling demon trident
 76087 | Depths:4 | Identified the +6 demon trident of the Vase {flame, SInv}
                  | (You found it on level 4 of the Depths)
 76137 | Depths:4 | Voluntarily entered the Abyss.
 76466 | Abyss:1  | Found a stormy altar of Qazlal.
 76570 | Abyss:1  | Found a corrupted altar of Lugonu.
 77344 | Abyss:3  | Paralysed by you for 6 turns
 77584 | Abyss:3  | Reached skill level 18 in Dodging
 78552 | Abyss:3  | Found a corrupted altar of Lugonu.
 78745 | Abyss:3  | Found a corrupted altar of Lugonu.
 79358 | Abyss:4  | Found a corrupted altar of Lugonu.
 79664 | Abyss:4  | Got an abyssal rune of Zot
 79687 | Depths:4 | Escaped the Abyss
 80122 | Zot:1    | Entered Level 1 of the Realm of Zot
 80727 | Zot:1    | Reached XP level 27. HP: 182/214 MP: 43/44
 80933 | Zot:1    | Found a large runed translucent door.
 80933 | Zot:1    | Found a large runed translucent door.
 80934 | Zot:1    | Noticed Muataran's ghost (veteran MiMo)
 81772 | Zot:2    | Reached skill level 19 in Dodging
 82720 | Zot:3    | Noticed an orb of fire
 82741 | Zot:3    | Killed an orb of fire
 83166 | Zot:3    | Reached skill level 15 in Conjurations
 83166 | Zot:3    | Reached skill level 15 in Hexes
 83166 | Zot:3    | Reached skill level 15 in Charms
 83166 | Zot:3    | Reached skill level 15 in Necromancy
 83166 | Zot:3    | Reached skill level 15 in Translocations
 83166 | Zot:3    | Reached skill level 15 in Transmutations
 83166 | Zot:3    | Reached skill level 15 in Fire Magic
 83166 | Zot:3    | Reached skill level 15 in Ice Magic
 83166 | Zot:3    | Reached skill level 15 in Air Magic
 83166 | Zot:3    | Reached skill level 15 in Earth Magic
 83166 | Zot:3    | Reached skill level 15 in Poison Magic
 83536 | Zot:3    | Noticed an orb of fire
 83567 | Zot:3    | Killed an orb of fire
 86858 | Zot:5    | Entered Level 5 of the Realm of Zot
 87097 | Zot:5    | Reached skill level 20 in Dodging
 88007 | Zot:5    | Noticed an ancient lich
 88020 | Zot:5    | Killed an ancient lich
 88103 | Zot:5    | Noticed an ancient lich
 88109 | Zot:5    | Noticed an ancient lich
 88112 | Zot:5    | Killed an ancient lich
 88123 | Zot:5    | Noticed an ancient lich
 88131 | Zot:5    | Killed an ancient lich
 88151 | Zot:5    | Killed an ancient lich
 88211 | Zot:5    | Noticed a juggernaut
 88211 | Zot:5    | a Killer Klown changed into a juggernaut
 88212 | Zot:5    | Noticed an orb of fire
 88220 | Zot:5    | Killed a juggernaut
 88653 | Zot:5    | Noticed an orb of fire
 88669 | Zot:5    | Gained mutation: Your spells are a little easier to cast,
                  | but a little less powerful. [an orb of fire]
 88674 | Zot:5    | Killed an orb of fire
 88961 | Zot:5    | Killed an orb of fire
 89420 | Zot:5    | Noticed an ancient lich
 89422 | Zot:5    | Noticed an orb of fire
 89832 | Zot:5    | Killed an ancient lich
 89832 | Zot:5    | Reached skill level 21 in Dodging
 89835 | Zot:5    | Killed an orb of fire
 90157 | Zot:5    | Got the Orb of Zot
 90236 | Zot:4    | Gained mutation: Your spells are easier to cast, but less
                  | powerful. [a neqoxec]
 90426 | Depths:5 | Noticed Nuttanorgh the pandemonium lord
 90611 | Depths:5 | Noticed Gunaul the pandemonium lord
 90693 | Depths:3 | Killed Gunaul the pandemonium lord
 91265 | D:$      | Escaped with the Orb!

Levels and vault maps discovered:
D:1:      erik_arrival_blinker_ship, layout_basic, minmay_close_crescents
D:2:      layout_loops_ring, evilmike_ruin_ashenzari, first_ration,
          trog_hazing_becter, uniq_robin
D:3:      corexii_shack_village, layout_basic, old_standard_altar,
          gammafunk_temple_overflow_statue,
          nicolae_dithmenos_through_a_glass_darkly, uniq_grinder
D:4:      minmay_evil_eye, layout_loops_cross
D:5:      layout_loops_cross, minmay_misc_feat_nine_boxes,
          grunt_decor_mini_mirrors
D:6:      minmay_clustersquares, layout_rooms,
          grunt_temple_overflow_forces_of_nature,
          minmay_temple_entry_purple_smoke
D:7:      layout_rooms, grunt_livestock
D:8:      layout_basic, erik_lair_orcish_takeover, uniq_pikel
D:9:      layout_loops_ring, orc_0_dummy, hangedman_minor_magic
D:10:     nzn_motion_control, layout_long_grid, serial_shops, shop, shop,
          nicolae_shop_behind_doors, eino_jars, uniq_erica, uniq_maurice
D:11:     layout_basic, serial_shops, nicolae_shop_stone, shop,
          kennysheep_mini_moat, nicolae_shop_competitors_out_of_business,
          corner_web_ring
D:12:     layout_small_grid, uniq_nergalle
D:13:     layout_cave_pods
D:14:     layout_gridville, david_vaults_5, minmay_misc_feat_secret_circle,
          basic_altar
D:15:     hangedman_depths_entry_civil_slaughter, layout_loops_ring,
          minmay_misc_feat_plants, gauntlet_entry_generic
Temple:   eino_temple_scatter_basement
Lair:1:   layout_small_grid, grunt_megastairs_3
Lair:2:   layout_chaotic_city, beast_lair_carwin_4
Lair:3:   layout_loops_ring, portal_ice_cave_entry_pillars_1, st_stairs_10
Lair:4:   layout_misc_corridors, minmay_swamp_entry_worms, spider_nest_entry_a
Lair:5:   layout_long_grid, cheibrodos_lair_lostbears
Lair:6:   evil_forest, layout_loops_ring, dpeg_slime_entry_enclosed_altar,
          enter_volcano_3, uniq_urug
Swamp:1:  layout_basic_swamp, nicolae_swamp_fairy_circle, swamp_pool5
Swamp:2:  layout_basic_swamp, serial_swamp_ruin, evilmike_swamp_ruin_house_2,
          evilmike_swamp_ruin_house_4
Swamp:3:  layout_basic_swamp, evilmike_swamp_ruin_rubble_2
Swamp:4:  swamp_alternative, layout_basic_swamp
Spider:1: layout_spider_delve
Spider:2: layout_spider_delve, spiders_nest_hornet_nest
Spider:3: layout_chambers
Spider:4: johnstein_spider_rune_arachne_lair, drop_trap
Slime:1:  layout_caves
Slime:2:  layout_caves, basic_altar
Slime:3:  cheibrodos_slime_lost_civilization_2, layout_caves
Slime:4:  layout_caves
Slime:5
Orc:1:    layout_diamond_mine, basic_altar, led_sif_book
Orc:2:    st_orc_ogre_mass, layout_caves, serial_shops, bzr_entry_road,
          ebering_ghost_rock_garden
Elf:1:    layout_geoelf_grid, portal_desolation_entry_twin_temple,
          mu_enter_wizlab_2, kennysheep_underground_church
Elf:2:    layout_geoelf_octagon, serial_shops, nicolae_shop_trees, uniq_agnes
Elf:3:    minmay_elf_hall_x, layout_geoelf_castle, serial_shops, shop_statue,
          shop_statue, shop, shop, shop, uniq_mara, uniq_bai_suzhen
Vaults:1: ebering_vaults_ghost_disaster_area, st_quartered_hall,
          ontoclasm_vaults_tryst, grunt_vaults_bifocal,
          hangedman_vaults_slither, vaults_dpeg_encased_lava,
          ontoclasm_vaults_bender, hangedman_vaults_cutoff,
          hangedman_vaults_cutoff, vaults_room_grid, vaults_dpeg_ring,
          layout_vaults_omnicross, serial_shops, shop
Vaults:2: vaults_room_grid, vaults_dpeg_doors, serial_ice_g, grunt_vaults_swirl,
          vaults_standard_mumra_x, vaults_room_fours, v_misc_23,
          nicolae_vaults_little_squares_5, v_alt_pattern_2,
          nicolae_vaults_murderbox, nicolae_vaults_little_squares_6,
          layout_vaults_omnigrid, serial_shops, bzr_entry_safe
Vaults:3: st_hourglassy, nicolae_vaults_bisected_exclaves,
          hangedman_vaults_restitches, vaults_room_grid,
          nicolae_vaults_diagonal_hallway_7, hangedman_vaults_cutoff,
          nicolae_vaults_little_ls, v_misc_27, hangedman_vaults_cutoff,
          minmay_crypt_entry_simple_box, v_misc_2, vaults_room_pool,
          layout_vaults_maze
Vaults:4: v_misc_18, vaults_room_grid, nicolae_vaults_ring_of_whatevers,
          nicolae_vaults_alarming, ontoclasm_vaults_twist, grunt_vaults_twisty,
          nicolae_vaults_big_ls, vaults_room_stairs_pillars, v_alt_pattern_4,
          v_rooms_2, layout_vaults_ring, serial_hangedman_research,
          hangedman_research_toxicology, hangedman_research_convocations,
          hangedman_research_quantum, hangedman_research_thermodynamics
Vaults:5: serial_shops
Depths:1: layout_cave_pools, hangedman_coc_ice_floe,
          minmay_misc_feat_four_crosses, kennysheep_four_rooms,
          minmay_shop_grove
Depths:2: hangedman_cross_cluster, layout_cave_pools, enter_ziggurat_e,
          muffindrake_ghost_three_little_ghosts, chequers_serial_rivers_small_b,
          hell_entry, minivault_16
Depths:3: kennysheep_water_balloons, layout_gridlike, pan_entry, moated_statue,
          grunt_metal_band, serial_shops, nicolae_shop_crystal,
          lightli_minifort, infiniplex_staircase_door_maze,
          kennysheep_random_hallway, uniq_saint_roka
Depths:4: lemuel_vampire_tower, layout_cave_pools, hellmouth_1, abyss_entry,
          nrook_uturn, infiniplex_staircase_pool_2, uniq_margery
Depths:5: evilmike_zot_entry_gauntlet, layout_basic, pf_hell_entry_tar_spiral
Zot:1:    layout_misc_corridors, ebering_ghost_disaster_area
Zot:2:    layout_gridlike
Zot:3:    layout_concentric_octagons
Zot:4:    layout_basic
Zot:5:    layout_basic

Skill      XL: |  1  2  3  4  5  6  7  8  9 10 11 12 13 14 15 16 17 18 19 20 21 22 23 24 25 26 27 |
---------------+----------------------------------------------------------------------------------+-----
Spellcasting   | 5 7 8 9 10 11 12 13 14 15 16 17 19 | 19.0
Invocations    | 1 2 3 5 6 7 8 9 10 11 12 13 14 15 16 17 18 19 | 19.9
Fighting       | 1 2 5 6 7 8 9 10 11 12 13 14 15 16 17 18 | 18.5
Short Blades   | 1 2 5 6 7 8 9 10 11 12 13 14 15 16 17 18 | 18.5
Long Blades    | 1 2 5 6 7 8 9 10 11 12 13 14 15 16 17 18 | 18.5
Axes           | 1 2 5 6 7 8 9 10 11 12 13 14 15 16 17 18 | 18.5
Maces & Flails | 1 2 5 6 7 8 9 10 11 12 13 14 15 16 17 18 | 18.5
Polearms       | 1 2 5 6 7 8 9 10 11 12 13 14 15 16 17 18 | 18.5
Staves         | 1 2 5 6 7 8 9 10 11 12 13 14 15 16 17 18 | 18.5
Slings         | 1 2 5 6 7 8 9 10 11 12 13 14 15 16 17 18 | 18.5
Bows           | 1 2 5 6 7 8 9 10 11 12 13 14 15 16 17 18 | 18.5
Crossbows      | 1 2 5 6 7 8 9 10 11 12 13 14 15 16 17 18 | 18.5
Throwing       | 1 2 5 6 7 8 9 10 11 12 13 14 15 16 17 18 | 18.5
Armour         | 1 2 5 6 7 8 9 10 11 12 13 14 15 16 17 18 | 18.5
Shields        | 1 2 5 6 7 8 9 10 11 12 13 14 15 16 17 18 | 18.5
Unarmed Combat | 1 2 5 6 7 8 9 10 11 12 13 14 15 16 17 18 | 18.5
Evocations     | 1 2 5 6 7 8 9 10 11 12 13 14 15 16 17 18 | 18.5
Conjurations   | 1 2 4 5 6 7 8 9 10 11 12 13 14 15 | 15.9
Hexes          | 1 2 4 5 6 7 8 9 10 11 12 13 14 15 | 15.9
Charms         | 1 2 4 5 6 7 8 9 10 11 12 13 14 15 | 15.9
Necromancy     | 1 2 4 5 6 7 8 9 10 11 12 13 14 15 | 15.9
Translocations | 1 2 4 5 6 7 8 9 10 11 12 13 14 15 | 15.9
Transmutations | 1 2 4 5 6 7 8 9 10 11 12 13 14 15 | 15.9
Fire Magic     | 1 2 4 5 6 7 8 9 10 11 12 13 14 15 | 15.9
Ice Magic      | 1 2 4 5 6 7 8 9 10 11 12 13 14 15 | 15.9
Air Magic      | 1 2 4 5 6 7 8 9 10 11 12 13 14 15 | 15.9
Earth Magic    | 1 2 4 5 6 7 8 9 10 11 12 13 14 15 | 15.9
Poison Magic   | 1 2 4 5 6 7 8 9 10 11 12 13 14 15 | 15.9
Dodging        | 5 7 8 9 10 11 12 13 14 15 16 17 18 21 | 21.2
Stealth        | 5 6 7 8 9 10 11 12 13 14 15 16 17 18 | 18.8
Summonings     | 8 9 10 11 12 13 14 15 17 | 17.1

Action                   |  1- 3 |  4- 6 |  7- 9 | 10-12 | 13-15 | 16-18 | 19-21 | 22-24 | 25-27 || total
-------------------------+-------+-------+-------+-------+-------+-------+-------+-------+-------++-------
Melee: Dagger            |    85 |       |       |       |       |       |       |       |       ||    85
       Unarmed           |     6 |       |       |       |       |       |       |       |     7 ||    13
       Bite              |     9 |    28 |    74 |   160 |   233 |   198 |   179 |   232 |   411 ||  1524
       Short sword       |    40 |    67 |       |       |       |       |       |       |       ||   107
       Club              |     4 |       |       |       |       |       |       |       |       ||     4
       Spear             |       |   166 |   496 |    23 |       |       |       |       |       ||   685
       Whip              |       |       |    34 |       |       |       |       |       |       ||    34
       Flail             |       |       |       |   385 |       |       |       |       |       ||   385
       Scimitar          |       |       |       |   308 |   559 |    23 |       |       |       ||   890
       Demon trident     |       |       |       |       |   299 |  1071 |  1095 |  1138 |  2113 ||  5716
 Fire: Hunting sling     |       |       |    10 |       |       |       |       |       |       ||    10
Throw: Stone             |    12 |    16 |       |       |       |       |       |       |       ||    28
       Javelin           |       |       |       |       |       |       |       |     2 |       ||     2
 Cast: Summon Small Mamm |    11 |     9 |    51 |    23 |       |       |       |       |       ||    94
       Call Imp          |     2 |    12 |    30 |    21 |       |     1 |       |       |       ||    66
       Blink             |       |       |       |     2 |       |       |     4 |       |     8 ||    14
       Mephitic Cloud    |       |       |       |     6 |    41 |    15 |    34 |    13 |     3 ||   112
       Summon Lightning  |       |       |       |     5 |    39 |    65 |    52 |    35 |    21 ||   217
       Summon Ice Beast  |       |       |       |     1 |    20 |    53 |    31 |     3 |       ||   108
       Regeneration      |       |       |       |       |    12 |     6 |     1 |     3 |    31 ||    53
       Spectral Weapon   |       |       |       |       |    37 |   110 |   144 |    93 |   220 ||   604
       Animate Dead      |       |       |       |       |       |    29 |     3 |     1 |     5 ||    38
       Deflect Missiles  |       |       |       |       |       |     3 |     5 |     6 |     7 ||    21
       Summon Butterflie |       |       |       |       |       |       |     1 |       |       ||     1
       Summon Mana Viper |       |       |       |       |       |       |     8 |    13 |    31 ||    52
       Aura of Abjuratio |       |       |       |       |       |       |     3 |     6 |    16 ||    25
       Shadow Creatures  |       |       |       |       |       |       |       |    46 |    90 ||   136
Invok: Bend Time         |       |       |     2 |     1 |       |     1 |       |     1 |       ||     5
       Slouch            |       |       |       |     3 |     2 |       |       |     9 |     3 ||    17
       Temporal Distorti |       |       |       |     3 |       |       |       |       |       ||     3
       Step From Time    |       |       |       |       |       |       |     4 |     2 |     7 ||    13
 Abil: Evoke Flight      |       |       |       |       |       |       |       |     1 |       ||     1
Evoke: Wand              |       |       |       |     2 |       |     1 |       |     1 |       ||     4
  Use: Scroll            |       |    11 |     7 |     8 |    10 |    13 |    12 |    20 |    25 ||   106
       Potion            |       |     1 |     2 |       |     3 |     1 |     1 |     7 |    32 ||    47
 Stab: Distracted        |     1 |       |     7 |     4 |    20 |    54 |    59 |    47 |   122 ||   314
       Sleeping          |     2 |     7 |       |       |     1 |     8 |    20 |     4 |     8 ||    50
       Confused          |       |       |       |     6 |    47 |    21 |    43 |     9 |     9 ||   135
       Held in net/web   |       |       |       |       |       |     1 |       |       |       ||     1
       Fleeing           |       |       |       |       |       |       |       |     1 |       ||     1
  Eat: Chunk             |     2 |    10 |     8 |    15 |    13 |     8 |    16 |     8 |     3 ||    83
       Ration            |       |       |       |     1 |     3 |     5 |     4 |     4 |    10 ||    27
Armor: Robe              |    24 |       |       |       |       |       |       |       |       ||    24
       Leather armour    |     1 |     3 |       |       |       |       |       |       |       ||     4
       Ring mail         |       |    33 |       |       |       |       |       |       |       ||    33
       Chain mail        |       |    34 |   233 |    23 |       |   235 |   144 |    93 |   211 ||   973
       Plate armour      |       |       |       |   291 |   282 |   106 |       |       |       ||   679
Dodge: Dodged            |   104 |   118 |   284 |   393 |   560 |   824 |   473 |   389 |   823 ||  3968
       Deflected         |       |       |       |       |       |    10 |    53 |    58 |    93 ||   214
Block: Buckler           |     6 |    47 |   137 |   295 |   346 |   472 |   241 |       |       ||  1544
       Shield            |       |       |       |       |       |       |    27 |   822 |  1537 ||  2386
       Reflection        |       |       |       |       |       |       |       |   121 |    68 ||   189
       Rpst.: Scimitar   |       |       |       |    40 |   107 |     6 |       |       |       ||   153
